| TOP OF THE 1ST |
|
Kinston Eagles batting - Pitching for Lynchburg Hillcats : RHP Duane Ware
|
|
Pitching: RHP Duane Ware
|
|
|
Batting: SHB Ted Wilborn
|
0-0: Ball 1-0: Ball 2-0: Ball 3-0: Called Strike 3-1: Fly out, F8 (Flyball, 8LXD, EV 107.5 MPH)
|
|
Batting: RHB Guadalupe Garcia
|
0-0: Ball 1-0: Fly out, F9 (Flyball, 9, EV 95.0 MPH)
|
|
Batting: RHB Carlos Ponce
|
0-0: SINGLE (Groundball, 56D, EV 106.3 MPH)
|
|
Batting: RHB Tony Incaviglia
|
0-0: Foul Ball, location: 2F 0-1: Called Strike 0-2: Strikes out swinging
|
| Top of the 1st over - 0 runs, 1 hit, 0 errors, 1 left on base; Kinston 0 - Lynchburg 0 |
| BOTTOM OF THE 1ST |
|
Lynchburg Hillcats batting - Pitching for Kinston Eagles : RHP Oscar Mazariegos
|
|
Pitching: RHP Oscar Mazariegos
|
|
|
Batting: RHB Ronald Lee
|
0-0: Ball 1-0: Ball 2-0: Ball 3-0: Base on Balls
|
|
Batting: RHB Russ Quetti
|
0-0: Called Strike 0-1: Swinging Strike 0-2: Foul Ball, location: 2F 0-2: Ball 1-2: Strikes out swinging
|
|
Batting: RHB William Lajoie
|
0-0: Grounds into double play, 4-6-3 (Groundball, 4, EV 81.3 MPH)
|
| Bottom of the 1st over - 0 runs, 0 hits, 0 errors, 0 left on base; Kinston 0 - Lynchburg 0 |
| TOP OF THE 2ND |
|
Kinston Eagles batting - Pitching for Lynchburg Hillcats : RHP Duane Ware
|
|
Batting: RHB Elias Corona
|
0-0: Ball 1-0: Swinging Strike 1-1: Ball 2-1: Foul Ball, location: 2F 2-2: Ground out 6-3 (Groundball, 6, EV 79.4 MPH)
|
|
Batting: RHB Juan Perez
|
0-0: Called Strike 0-1: Fly out, F7 (Flyball, 7S, EV 90.6 MPH)
|
|
Batting: RHB Rodney Hudson
|
0-0: Ball 1-0: Foul Ball, location: 2F 1-1: Ground out 4-3 (Groundball, 4M, EV 103.8 MPH)
|
| Top of the 2nd over - 0 runs, 0 hits, 0 errors, 0 left on base; Kinston 0 - Lynchburg 0 |
| BOTTOM OF THE 2ND |
|
Lynchburg Hillcats batting - Pitching for Kinston Eagles : RHP Oscar Mazariegos
|
|
Batting: RHB Richard Witt
|
0-0: Ball 1-0: Ball 2-0: Ball 3-0: Base on Balls
|
|
Batting: RHB Kenneth Tillman
|
0-0: Swinging Strike 0-1: Ball 1-1: Ball 2-1: Ball 3-1: Called Strike 3-2: Strikes out swinging
|
|
Batting: LHB Harold Warner
|
Balk! Richard Witt to second 0-0: Ball 1-0: Ball 2-0: Ball 3-0: Called Strike 3-1: Called Strike 3-2: Fly out, F8 (Flyball, 78D, EV 101.3 MPH)
|
|
Batting: RHB Frederic Wade
|
0-0: Ball 1-0: Ball 2-0: Ground out 6-3 (Groundball, 6, EV 87.5 MPH)
|
| Bottom of the 2nd over - 0 runs, 0 hits, 0 errors, 1 left on base; Kinston 0 - Lynchburg 0 |
| TOP OF THE 3RD |
|
Kinston Eagles batting - Pitching for Lynchburg Hillcats : RHP Duane Ware
|
|
Batting: RHB William Stone
|
0-0: Called Strike 0-1: Ball 1-1: Ball 2-1: Ball 3-1: Base on Balls
|
|
Batting: LHB Randall Curtis
|
0-0: Called Strike 0-1: Swinging Strike William Stone steals 2nd base 0-2: Ground out 5-3 (Groundball, 56, EV 86.9 MPH)
|
|
Batting: SHB Ted Wilborn
|
0-0: SINGLE (Groundball, 4M, EV 106.9 MPH) (infield hit) William Stone to third
|
|
Batting: RHB Guadalupe Garcia
|
0-0: Ball 1-0: Fielders Choice at 2nd, 6-4 (Groundball, 6, EV 91.9 MPH) William Stone scores
|
|
Batting: RHB Carlos Ponce
|
0-0: Ball Guadalupe Garcia is caught stealing 2nd base 2-4
|
| Top of the 3rd over - 1 run, 1 hit, 0 errors, 0 left on base; Kinston 1 - Lynchburg 0 |
| BOTTOM OF THE 3RD |
|
Lynchburg Hillcats batting - Pitching for Kinston Eagles : RHP Oscar Mazariegos
|
|
Batting: RHB Jon Corella
|
0-0: Called Strike 0-1: Ball 1-1: Fly out, F4 (Popup, 4MD, EV 51.3 MPH)
|
|
Batting: RHB Felix Estrada
|
0-0: Swinging Strike 0-1: Ground out 6-3 (Groundball, 6, EV 104.4 MPH)
|
|
Batting: RHB Ronald Lee
|
0-0: Swinging Strike 0-1: Ground out 6-3 (Groundball, 6, EV 103.1 MPH)
|
| Bottom of the 3rd over - 0 runs, 0 hits, 0 errors, 0 left on base; Kinston 1 - Lynchburg 0 |
| TOP OF THE 4TH |
|
Kinston Eagles batting - Pitching for Lynchburg Hillcats : RHP Duane Ware
|
|
Batting: RHB Carlos Ponce
|
0-0: Foul Ball, location: 2F 0-1: Ball 1-1: Ball 2-1: Ball 3-1: Called Strike 3-2: Foul Ball, location: 2F 3-2: Ground out 3-1 (Groundball, 34, EV 91.3 MPH)
|
|
Batting: RHB Tony Incaviglia
|
0-0: Called Strike 0-1: Fly out, F8 (Line Drive, 8RD, EV 86.3 MPH)
|
|
Batting: RHB Elias Corona
|
0-0: Foul Ball, location: 2F 0-1: Swinging Strike 0-2: Hit by Pitch
|
|
Batting: RHB Juan Perez
|
0-0: Ball 1-0: Ground out 5-3 (Groundball, 56S, EV 70.6 MPH)
|
| Top of the 4th over - 0 runs, 0 hits, 0 errors, 1 left on base; Kinston 1 - Lynchburg 0 |
| BOTTOM OF THE 4TH |
|
Lynchburg Hillcats batting - Pitching for Kinston Eagles : RHP Oscar Mazariegos
|
|
Batting: RHB Russ Quetti
|
0-0: Foul Ball, location: 2F 0-1: Ball 1-1: Fly out, F2 (Popup, 23F, EV 78.8 MPH)
|
|
Batting: RHB William Lajoie
|
0-0: Ground out 6-3 (Groundball, 6M, EV 98.8 MPH)
|
|
Batting: RHB Richard Witt
|
0-0: Called Strike 0-1: Swinging Strike 0-2: Strikes out swinging
|
| Bottom of the 4th over - 0 runs, 0 hits, 0 errors, 0 left on base; Kinston 1 - Lynchburg 0 |
| TOP OF THE 5TH |
|
Kinston Eagles batting - Pitching for Lynchburg Hillcats : RHP Duane Ware
|
|
Batting: RHB Rodney Hudson
|
0-0: Ground out 5-3 (Groundball, 5L, EV 98.8 MPH)
|
|
Batting: RHB William Stone
|
0-0: Called Strike 0-1: Fly out, F9 (Flyball, 9LS, EV 91.3 MPH)
|
|
Batting: LHB Randall Curtis
|
0-0: Ball 1-0: Foul Ball, location: 2F 1-1: Fly out, F9 (Flyball, 9LS, EV 80.6 MPH)
|
| Top of the 5th over - 0 runs, 0 hits, 0 errors, 0 left on base; Kinston 1 - Lynchburg 0 |
| BOTTOM OF THE 5TH |
|
Lynchburg Hillcats batting - Pitching for Kinston Eagles : RHP Oscar Mazariegos
|
|
Batting: RHB Kenneth Tillman
|
0-0: Called Strike 0-1: Ball 1-1: Ball 2-1: Foul Ball, location: 2F 2-2: Ground out 5-3 (Groundball, 56, EV 85.6 MPH)
|
|
Batting: LHB Harold Warner
|
0-0: Fly out, F7 (Flyball, 7LM, EV 102.5 MPH)
|
|
Batting: RHB Frederic Wade
|
0-0: Called Strike 0-1: Ball 1-1: Ball 2-1: Ball 3-1: Base on Balls
|
|
Batting: RHB Jon Corella
|
0-0: Ball 1-0: Ball 2-0: Fly out, F9 (Flyball, 9S, EV 92.5 MPH)
|
| Bottom of the 5th over - 0 runs, 0 hits, 0 errors, 1 left on base; Kinston 1 - Lynchburg 0 |
| TOP OF THE 6TH |
|
Kinston Eagles batting - Pitching for Lynchburg Hillcats : RHP Duane Ware
|
|
Batting: SHB Ted Wilborn
|
0-0: Fly out, F7 (Flyball, 7D, EV 91.9 MPH)
|
|
Batting: RHB Guadalupe Garcia
|
0-0: Fly out, F7 (Flyball, 7, EV 95.6 MPH)
|
|
Batting: RHB Carlos Ponce
|
0-0: Called Strike 0-1: Swinging Strike 0-2: SINGLE (Line Drive, 8RM, EV 93.8 MPH)
|
|
Batting: RHB Tony Incaviglia
|
0-0: Ball 1-0: Called Strike 1-1: Ball 2-1: Foul Ball, location: 2F 2-2: Ball Carlos Ponce steals 2nd base (no throw) 3-2: Base on Balls
|
|
Batting: RHB Elias Corona
|
0-0: Ball 1-0: Ground out 3-1 (Groundball, 34S, EV 90.6 MPH)
|
| Top of the 6th over - 0 runs, 1 hit, 0 errors, 2 left on base; Kinston 1 - Lynchburg 0 |
| BOTTOM OF THE 6TH |
|
Lynchburg Hillcats batting - Pitching for Kinston Eagles : RHP Oscar Mazariegos
|
|
Batting: RHB Felix Estrada
|
0-0: Foul Ball, location: 2F 0-1: Foul Ball, location: 2F 0-2: Foul Ball, location: 2F 0-2: Ball 1-2: Strikes out looking
|
|
Batting: RHB Ronald Lee
|
0-0: Foul Ball, location: 2F 0-1: Swinging Strike 0-2: Ball 1-2: Strikes out swinging
|
|
Batting: RHB Russ Quetti
|
0-0: Foul Ball, location: 2F 0-1: Swinging Strike 0-2: Foul Ball, location: 2F 0-2: SINGLE (Groundball, 6MD, EV 102.5 MPH)
|
|
Batting: RHB William Lajoie
|
0-0: Called Strike 0-1: Ground out 5-3 (Groundball, 5S, EV 75.0 MPH)
|
| Bottom of the 6th over - 0 runs, 1 hit, 0 errors, 1 left on base; Kinston 1 - Lynchburg 0 |
| TOP OF THE 7TH |
|
Kinston Eagles batting - Pitching for Lynchburg Hillcats : RHP Duane Ware
|
|
Batting: RHB Juan Perez
|
0-0: Ground out U3 (Groundball, 34, EV 86.9 MPH)
|
|
Batting: RHB Rodney Hudson
|
0-0: Called Strike 0-1: Foul Ball, location: 2F 0-2: Ball 1-2: Ground out 4-3 (Groundball, 4MD, EV 86.9 MPH)
|
|
Batting: RHB William Stone
|
0-0: Called Strike 0-1: Foul Ball, location: 2F 0-2: Foul Ball, location: 2F 0-2: Ball 1-2: Ground out U3 (Groundball, 3S, EV 86.9 MPH)
|
| Top of the 7th over - 0 runs, 0 hits, 0 errors, 0 left on base; Kinston 1 - Lynchburg 0 |
| BOTTOM OF THE 7TH |
|
Lynchburg Hillcats batting - Pitching for Kinston Eagles : RHP Oscar Mazariegos
|
|
Batting: RHB Richard Witt
|
0-0: Called Strike 0-1: Fly out, F6 (Popup, 4MD, EV 48.1 MPH)
|
|
Batting: RHB Kenneth Tillman
|
0-0: Ball 1-0: Called Strike 1-1: Ball 2-1: Swinging Strike 2-2: TRIPLE (Line Drive, 8RXD, EV 102.5 MPH)
|
|
Pinch Hitting: LHB Stanley Cannon
|
0-0: Ball 1-0: Ball 2-0: Ball 3-0: Base on Balls
|
|
Batting: RHB Frederic Wade
|
0-0: TRIPLE (Line Drive, 89XD, EV 100.6 MPH) Kenneth Tillman scores Stanley Cannon scores
|
|
Batting: RHB Jon Corella
|
0-0: Intentional Walk
|
|
Batting: RHB Felix Estrada
|
0-0: Ball 1-0: Swinging Strike 1-1: Ball 2-1: Foul Ball, location: 2F 2-2: Foul Ball, location: 2F 2-2: Ball 3-2: Base on Balls Jon Corella to second
|
|
Batting: RHB Ronald Lee
|
0-0: Ball 1-0: Ball 2-0: Called Strike 2-1: Called Strike 2-2: Strikes out looking
|
|
Batting: RHB Russ Quetti
|
0-0: Fly out, F8 (Flyball, 78M, EV 83.1 MPH)
|
| Bottom of the 7th over - 2 runs, 2 hits, 0 errors, 3 left on base; Kinston 1 - Lynchburg 2 |
| TOP OF THE 8TH |
|
Kinston Eagles batting - Pitching for Lynchburg Hillcats : RHP Duane Ware
|
|
Now in RF: Stanley Cannon
|
|
|
Batting: LHB Randall Curtis
|
0-0: Ground out 6-3 (Groundball, 6, EV 83.8 MPH)
|
|
Batting: SHB Ted Wilborn
|
0-0: Ball 1-0: Called Strike 1-1: Called Strike 1-2: Ball 2-2: Strikes out swinging
|
|
Batting: RHB Guadalupe Garcia
|
0-0: Called Strike 0-1: Called Strike 0-2: DOUBLE (Line Drive, 5D, EV 96.9 MPH)
|
|
Batting: RHB Carlos Ponce
|
0-0: Foul Ball, location: 2F 0-1: Ball 1-1: Ball 2-1: SINGLE (Groundball, 6D, EV 98.1 MPH) Guadalupe Garcia to third Runner from 3rd tries for Home, SAFE, throw by CF to home
|
|
Batting: RHB Tony Incaviglia
|
0-0: Foul Ball, location: 2F 0-1: Foul Ball, location: 2F 0-2: Ball 1-2: Ball 2-2: Foul Ball, location: 2F 2-2: Fly out, F8 (Flyball, 78D, EV 90.0 MPH)
|
| Top of the 8th over - 1 run, 2 hits, 0 errors, 1 left on base; Kinston 2 - Lynchburg 2 |
| BOTTOM OF THE 8TH |
|
Lynchburg Hillcats batting - Pitching for Kinston Eagles : RHP Oscar Mazariegos
|
|
Batting: RHB William Lajoie
|
0-0: Called Strike 0-1: Foul Ball, location: 2F 0-2: Ground out 5-3 (Groundball, 56S, EV 75.0 MPH)
|
|
Batting: RHB Richard Witt
|
0-0: Ball 1-0: Ground out 4-3 (Groundball, 4, EV 101.3 MPH)
|
|
Batting: RHB Kenneth Tillman
|
0-0: Fly out, F6 (Popup, P, EV 74.4 MPH)
|
| Bottom of the 8th over - 0 runs, 0 hits, 0 errors, 0 left on base; Kinston 2 - Lynchburg 2 |
| TOP OF THE 9TH |
|
Kinston Eagles batting - Pitching for Lynchburg Hillcats : RHP Duane Ware
|
|
Pitching: RHP Paul Steets
|
|
|
Batting: LHB Eric Peyton
|
0-0: Called Strike 0-1: TRIPLE (Flyball, 78XD, EV 106.3 MPH)
|
|
Batting: RHB Juan Perez
|
0-0: Called Strike 0-1: Ball 1-1: Ball 2-1: Swinging Strike 2-2: Fly out, F8 (Flyball, 89XD, EV 98.8 MPH) Runner from 3rd tags up, SCORES, no throw by CF
|
|
Batting: RHB Rodney Hudson
|
0-0: Called Strike 0-1: Ball 1-1: Called Strike 1-2: Strikes out swinging
|
|
Batting: RHB William Stone
|
0-0: Ball 1-0: Fly out, F9 (Flyball, 89S, EV 81.9 MPH)
|
| Top of the 9th over - 1 run, 1 hit, 0 errors, 0 left on base; Kinston 3 - Lynchburg 2 |
| BOTTOM OF THE 9TH |
|
Lynchburg Hillcats batting - Pitching for Kinston Eagles : RHP Oscar Mazariegos
|
|
Pitching: RHP Marvin Adams
|
|
|
Batting: LHB Stanley Cannon
|
0-0: Foul Ball, location: 2F 0-1: Ball 1-1: Ball 2-1: Ball 3-1: Base on Balls
|
|
Batting: RHB Frederic Wade
|
0-0: Bunted foul 0-1: Sac Bunt to P - play at first, batter OUT! 1-4 Stanley Cannon to second
|
|
Batting: RHB Jon Corella
|
0-0: Fly out, F7 (Flyball, 7LM, EV 93.8 MPH)
|
|
Pinch Hitting: RHB Luis A Rivera
|
0-0: Called Strike 0-1: Fly out, F7 (Flyball, 7LS, EV 95.6 MPH)
|
| Bottom of the 9th over - 0 runs, 0 hits, 0 errors, 1 left on base; Kinston 3 - Lynchburg 2 |
|